 Dungeon Crawl Stone Soup version 0.15-a0-1485-g692b94f (webtiles) character file.

37525 Ketzer the Fighter (level 13, -3/104 HPs)
             Began as a Naga Summoner on June 9, 2014.
             Was the Champion of Cheibriados.
             Slain by a two-headed ogre
             ... wielding a +0,+0 giant spiked club
              (8 damage)
             ... on Level 4 of the Orcish Mines on June 14, 2014.
             The game lasted 11:51:21 (26030 turns).

Ketzer the Fighter (Naga Summoner)                 Turns: 26030, Time: 11:51:21

HP  -3/104       AC 17     Str 26      XL: 13   Next: 97%
MP   1/39        EV 15     Int 35      God: Cheibriados [******]
Gold 1202        SH  0     Dex 27      Spells: 11 memorised,  2 levels left

rFire  . . .     SeeInvis +     G - +4,+7 short sword (protect)
rCold  . . .     Clarity  .     Y - +0 troll leather armour
rNeg   + . .     rCorr    .     (no shield)
rPois  +         rRot     .     J - +2 helmet
rElec  .         Spirit   .     I - +0 cloak
SustAb +         Warding  +     (no gloves)
rMut   .         Stasis   .     (no barding)
Gourm  .                        s - macabre finger necklace {Ward rN+}
MR     ++...                    C - ring of sustain abilities
                                H - ring of regeneration
                                u - ring of magical power

@: drained, very slow, very resistant to hostile enchantments, very stealthy
A: spit poison, constrict 1, molten scales 1, thin skeletal structure 1, see
invisible, breathe flames 1, clumsy 1, deformed body, frail 2, magic resistance
1, poison resistance, slowness 2, slow healing 1, wild magic 1, AC +4
a: Spit Poison, Bend Time, Temporal Distortion, Slouch, Step From Time, Renounce
Religion, Breathe Fire


You were on level 4 of the Orcish Mines.
You worshipped Cheibriados.
Cheibriados was exalted by your worship.
You were very hungry.

You visited 4 branches of the dungeon, and saw 23 of its levels.
You also visited: Bailey, Ice Cave and Volcano.

You collected 2442 gold pieces.
You spent 1240 gold pieces at shops.

Inventory:

Hand weapons
 r - a +1,+2 long sword of slicing
 x - a +4,+2 trident of flaming
 D - a cursed -1,-3 shortbow
 G - a +4,+7 short sword of protection (weapon)
 W - a +2,+2 shortbow of flaming
Missiles
 b - 9 arrows of flame
 g - 182 arrows
Armour
 a - the +2 buckler of Qaiwid {+Inv}
   (You found it on level 11 of the Dungeon)

   It lets you turn invisible.
 j - a troll hide {Snorg}
 n - a +4 ring mail
 I - a +0 cloak (worn)
 J - a +2 helmet (worn)
 L - a +0 leather armour of cold resistance
 Y - a +0 troll leather armour (worn)
Magical devices
 i - a wand of random effects (8) {unknown}
 k - a wand of fire (2)
 q - a wand of heal wounds (0)
 t - a wand of frost (6)
 A - a wand of polymorph (5) {unknown}
 E - a wand of confusion (15)
 M - a wand of flame (8)
 T - a wand of fire (11)
Comestibles
 h - 11 meat rations
Scrolls
 m - a scroll of magic mapping {unknown}
 v - 2 scrolls of remove curse
 F - a scroll of amnesia
 P - 2 scrolls of enchant weapon III
 Q - 4 scrolls of recharging
Jewellery
 p - an uncursed amulet of clarity
 s - the macabre finger necklace (around neck) {Ward rN+}
   (You found it in an ice cave)

   [amulet of warding]

   It may prevent the melee attacks of summoned creatures.
   It protects you from negative energy.
 u - a ring of magical power (on amulet)
 w - the amulet of the Tempest {rCorr Dex+4 Int+4}
   (You found it on level 3 of the Lair of Beasts)

   [amulet of resist corrosion]

   It protects you from acid and corrosion.
   It affects your intelligence (+4).
   It affects your dexterity (+4).
 z - an uncursed ring of magical power
 B - an uncursed ring of protection from fire
 C - a ring of sustain abilities (right hand)
 H - a ring of regeneration (left hand)
 U - an uncursed amulet of warding
Potions
 e - 4 potions of restore abilities
 l - 6 potions of brilliance
 o - 2 potions of flight
Books
 c - a book of Conjurations

   Spells                             Type                      Level
   Magic Dart                         Conjuration                  1
   Searing Ray                        Conjuration                  2
   Dazzling Spray                     Conjuration/Hexes            3
   Fulminant Prism                    Conjuration/Hexes            4
   Iskenderun's Mystic Blast          Conjuration                  4
   Iskenderun's Battlesphere          Conjuration/Charms           5
 V - a book of Unlife

   Spells                             Type                      Level
   Recall                             Summoning/Translocation      3
   *Animate Dead                      Necromancy                   4
   Control Undead                     Necromancy                   4
   Twisted Resurrection               Necromancy                   5
   Death Channel                      Necromancy                   6
   Simulacrum                         Ice/Necromancy               6
Miscellaneous
 y - a fan of gales (inert)


   Skills:
 + Level 12.6(12.4) Fighting
 - Level 1.2(1.0) Polearms
 * Level 5.1(4.9) Bows
 + Level 6.1(6.0) Armour
 - Level 5.8(5.7) Dodging
 - Level 11.0(10.8) Stealth
 - Level 9.2(8.9) Spellcasting
 - Level 9.0(8.7) Summonings
 * Level 2.2(2.0) Necromancy
 - Level 4.2(4.0) Translocations
 + Level 6.5(6.3) Invocations
 - Level 1.0(0.9) Evocations


You had 2 spell levels left.
You knew the following spells:

 Your Spells              Type           Power        Failure   Level  Hunger
a - Summon Small Mammal   Summ           ####         1%          1    None
b - Call Imp              Summ           #######.     1%          2    None
c - Call Canine Familiar  Summ           #######.     1%          3    None
d - Animate Skeleton      Necr           N/A          4%          1    None
e - Portal Projectile     Tloc           ######       4%          3    None
f - Blink                 Tloc           N/A          3%          2    None
g - Shroud of Golubria    Chrm/Tloc      #####.....   5%          2    None
h - Summon Ice Beast      Ice/Summ       ######..     13%         4    None
i - Repel Missiles        Chrm/Air       ###...       11%         2    None
j - Summon Guardian Gole  Hex/Summ       ######..     13%         4    None
k - Animate Dead          Necr           N/A          26%         4    None


Dungeon Overview and Level Annotations

Branches:
Dungeon (12/15)            Temple (1/1) D:4             Orc (4/4) D:11
    Elf (0/3) Orc:4          Lair (6/8) D:11         Shoals (0/5) Lair:3
 Spider (0/5) Lair:5
  Slime: Lair:6-8

Altars:
Ashenzari
Cheibriados
Dithmenos
Elyvilon
Fedhas
Gozag
Kikubaaqudgha
Makhleb
Nemelex Xobeh
Okawaru
Qazlal
Sif Muna
Trog
Vehumet
Xom
Yredelemnul
Zin
The Shining One
Beogh

Shops:
D:5 :   Orc:3 :

Annotations:
D:11 exclusions: ice statue and orange crystal statue
Orc:4 Donald
Lair:3 exclusion: 2 oklob plants
Lair:5 exclusion: guardian golem


Innate Abilities, Weirdness & Mutations

You cannot wear boots.
You can spit poison.
You can use your snake-like lower body to constrict enemies.
Your serpentine skin is tough (AC +4).
You have supernaturally acute eyesight.
Armour fits poorly on your strangely shaped body.
Your system is resistant to poisons.
You cover ground very slowly.
You are partially covered in molten scales (AC +1).
You have a somewhat thin skeletal structure (Dex +2, Stealth).
You can breathe flames.
You are clumsy. (Dex -2)
You are very frail (-20% HP).
You are resistant to hostile enchantments.
You heal slowly when monsters are visible.
Your spells are a little harder to cast, but a little more powerful.


Message History

Zapping:
t - an ivory wand
Press: ? - help, Shift-Dir - straight line, f/p - two-headed ogre
Aim: a two-headed ogre, wielding a giant spiked club and a giant club (heavily wounded) Donald reflects the puff of frost off his glowing shield!
The puff of frost is repelled.
You feel less protected from missiles.
t - a wand of frost {zapped: 1} The orc completely misses you.
Donald hits you with a glowing long sword!
* * * LOW HITPOINT WARNING * * *
You partially resist.
You feel drained.
Zapping:
T - a wand of fire {zapped: 1}
Press: ? - help, Shift-Dir - straight line, f - Donald, p - two-headed ogre
Aim: Donald, wielding a long sword of draining, wearing a plate armour and wearing a shield of reflection The bolt of fire hits Donald.
Donald is lightly wounded.
The orc misses you.
The two-headed ogre hits you but does no damage.
The two-headed ogre hits you with a giant club!
You die...

.....
...........
.............
.............
...............
.....().$......
....)........
#.O@........
#..@o.......
##.........o
###.#..... ##
.... ..$ .


You could see Donald, a two-headed ogre and 2 orcs.

Vanquished Creatures
  A hydra (Lair:4)
  2 ice dragons (IceCv)
  Harold (D:11)
  Nergalle (D:12)
  A deep elf knight (Bailey)
  2 ice statues (IceCv)
  A wolf spider (Lair:5)
  4 black mambas
  3 fire drakes
  2 spiny frogs
  2 deep elf priests (Bailey)
  5 komodo dragons
  Sonja (D:11)
  A jumping spider (Lair:5)
  11 blink frogs
  2 trolls
  A snapping turtle (Lair:3)
  2 two-headed ogres (Orc:4)
  A trapdoor spider (D:10)
  A basilisk (Lair:2)
  3 deep elf magi (Bailey)
  2 ugly things (D:11)
  A fire bat (Volcano)
  2 hungry ghosts (D:11)
  3 yaks
  2 deep elf fighters (Bailey)
  2 hippogriffs
  A steam dragon (D:9)
  3 porcupines
  4 water moccasins
  A necrophage (Orc:1)
  A spider (Lair:5)
  A black bear (D:10)
  A sky beast (D:6)
  22 ice beasts
  11 orc warriors
  9 ogres
  2 crocodiles
  6 centaurs
  3 big kobolds (D:11)
  A cyclops zombie (D:9)
  9 giant frogs
  A gnoll sergeant (D:7)
  3 scorpions
  9 killer bees
  A troll skeleton (D:9)
  7 wights
  A crimson imp (D:5)
  Dowan (D:6)
  A goliath beetle (D:8)
  4 hounds
  21 orc priests
  2 big fish (Lair:3)
  27 orc wizards
  A giant frog skeleton (D:8)
  A jelly (D:10)
  A quasit (D:9)
  5 worker ants
  3 iguanas
  5 sheep
  An ogre zombie (D:11)
  A hound zombie (D:7)
  A mummy (D:9)
  2 gnolls (D:7)
  50 green rats
  8 orc zombies
  8 adders
  2 shadow imps
  3 worms
  2 giant geckos
  119 orcs
  A giant cockroach (D:1)
  7 goblins
  16 hobgoblins
  A jackal (D:1)
  6 kobolds
  7 quokkas
  6 bats
  A giant newt (D:1)
  2 giant spores
  A goblin skeleton (D:11)
  A hobgoblin skeleton (D:11)
  5 hobgoblin zombies
  3 orc skeletons
  7 rats
  A rat zombie (D:7)
  2 ballistomycetes
  2 fungi (Lair:1)
  3 plants (D:5)
498 creatures vanquished.

Vanquished Creatures (collateral kills)
  Snorg (Orc:1)
  The ghost of Zooty the Brawler, a powerful TrFi of Okawaru (Lair:3)
  2 hydras
  The ghost of Daniel the Markself, a powerful HEHu of Qazlal (Lair:4)
  Urug (D:11)
  4 hill giants
  An unseen horror (D:10)
  Joseph (D:7)
  An oklob plant (Lair:5)
  A manticore (D:11)
  2 black mambas
  An orange crystal statue (D:11)
  Psyche (D:8)
  A spiny frog (Lair:3)
  2 komodo dragons
  A centaur zombie (D:11)
  An iron devil (D:10)
  A fire drake (Lair:4)
  A troll (D:9)
  A jumping spider (Lair:5)
  2 two-headed ogres
  A polar bear (Lair:4)
  Prince Ribbit (D:7)
  7 blink frogs
  3 deep elf magi
  A fire bat (Volcano)
  4 hungry ghosts
  A spriggan (Lair:4)
  2 yaks
  4 hippogriffs
  2 wyverns
  A deep elf fighter (Bailey)
  3 wolves (Lair:4)
  A warg (Orc:2)
  2 ugly things (D:11)
  2 mottled dragons (Volcano)
  7 water moccasins
  A hell hound (Volcano)
  A spider (Lair:5)
  7 orc warriors
  15 ice beasts
  4 black bears
  3 porcupines
  3 sky beasts
  A phantom (D:9)
  10 ogres
  7 centaurs
  Duvessa (D:6)
  A crocodile (Lair:3)
  A big kobold (D:11)
  5 giant frogs
  A komodo dragon skeleton (Lair:5)
  2 scorpions (D:4)
  A troll zombie (D:11)
  A yak zombie (D:9)
  A troll skeleton (D:7)
  9 killer bees
  8 wights
  3 jellies (D:7)
  3 crimson imps
  4 hounds
  2 goliath beetles (D:6)
  A kobold zombie (D:11)
  4 orc priests
  2 iguanas
  A giant frog skeleton (D:4)
  A big fish (Orc:3)
  4 orc wizards
  11 worker ants
  Natasha (twice) (D:3)
  7 spectral orcs (D:12)
  4 ogre zombies (D:11)
  Jessica (D:2)
  A mottled dragon zombie (D:11)
  6 sheep
  Terence (D:3)
  A big kobold skeleton (D:6)
  A hound skeleton (Orc:1)
  11 adders
  13 gnolls
  23 green rats
  5 shadow imps
  A gnoll skeleton (D:8)
  An inept feature mimic (D:3)
  3 worms
  3 giant geckos
  2 oozes
  62 orcs
  10 bats
  7 giant cockroaches
  9 hobgoblins
  9 jackals
  5 quokkas
  2 ball pythons
  3 giant newts
  A giant spore (D:6)
  21 goblins
  A goblin zombie (D:11)
  A green rat skeleton (Lair:5)
  A hobgoblin skeleton (D:11)
  A hobgoblin zombie (D:11)
  12 kobolds
  An orc skeleton (D:5)
  5 orc zombies
  A quokka skeleton (D:4)
  13 rats
  8 ballistomycetes
  10 fungi
  6 plants
464 creatures vanquished.

Vanquished Creatures (others)
  3 ice beasts
  A guardian golem (Lair:5)
  A troll (D:11)
  An air elemental (Lair:3)
  2 wolves (D:9)
  38 wargs
  6 blink frog skeletons
  2 fire drake skeletons
  A giant frog (D:11)
  5 water moccasin skeletons
  A troll skeleton (D:10)
  3 hippogriff skeletons
  2 yak skeletons
  2 human skeletons (D:7)
  39 crimson imps
  41 hounds
  2 giant frog skeletons
  16 iron imps
  2 black bear skeletons
  2 centaur skeletons (D:11)
  A basilisk skeleton (Lair:2)
  2 porcupine skeletons
  2 ogre zombies (Orc:4)
  A crocodile skeleton (Lair:3)
  2 ogre skeletons (Orc:2)
  3 big kobold skeletons (D:11)
  3 hound skeletons
  3 elf skeletons
  44 shadow imps
  A steam dragon skeleton (D:9)
  43 white imps
  3 iguana skeletons
  An adder skeleton (D:10)
  6 sheep skeletons (Lair:4)
  2 bat skeletons
  14 quokkas
  11 bats
  2 giant gecko skeletons (D:9)
  2 giant spores
  4 gnoll skeletons (D:7)
  5 goblin skeletons
  15 green rat skeletons
  A hobgoblin skeleton (Orc:3)
  3 jackal skeletons (D:6)
  5 kobold skeletons
  80 orc skeletons
  4 quokka skeletons
  15 rats
  A rat skeleton (D:5)
  3 fungi
  10 plants
462 creatures vanquished.

Grand Total: 1424 creatures vanquished

Notes
Turn   | Place    | Note
--------------------------------------------------------------
     0 | D:1      | Ketzer, the Naga Summoner, began the quest for the Orb.
     0 | D:1      | Reached XP level 1. HP: 15/15 MP: 3/3
   371 | D:1      | Reached skill level 1 in Fighting
   371 | D:1      | Reached XP level 2. HP: 9/25 MP: 0/4
   539 | D:1      | Learned a level 2 spell: Call Imp
  1111 | D:1      | Reached XP level 3. HP: 13/32 MP: 1/6
  1373 | D:1      | Learned a level 3 spell: Call Canine Familiar
  1543 | D:2      | Noticed Jessica
  1551 | D:2      | Killed Jessica
  1645 | D:2      | Reached XP level 4. HP: 39/39 MP: 1/7
  2267 | D:3      | Noticed an orc warrior
  2287 | D:3      | Killed an orc warrior
  2287 | D:3      | Reached XP level 5. HP: 49/49 MP: 0/9
  2564 | D:3      | Noticed Natasha
  2567 | D:3      | Killed Natasha
  2732 | D:3      | Noticed Natasha
  2743 | D:3      | Killed Natasha
  2843 | D:3      | Noticed Terence
  2862 | D:3      | Killed Terence
  2862 | D:3      | Reached XP level 6. HP: 56/56 MP: 9/11
  3335 | D:4      | Reached skill level 5 in Stealth
  3657 | D:4      | Reached skill level 5 in Summonings
  3829 | D:4      | Found a bloodstained altar of Trog.
  3847 | D:4      | Reached XP level 7. HP: 66/66 MP: 15/15
  4060 | D:4      | Found a staircase to the Ecumenical Temple.
  4066 | Temple   | Entered the Ecumenical Temple
  4169 | Temple   | Became a worshipper of Cheibriados the Contemplative
  4215 | D:5      | Entered Level 5 of the Dungeon
  4273 | D:5      | Found Kurr's Book Shop.
  4289 | D:5      | Bought a book of Cantrips for 200 gold pieces
  4292 | D:5      | Learned a level 1 spell: Animate Skeleton
  4362 | D:5      | Reached skill level 1 in Necromancy
  5248 | D:5      | Reached skill level 5 in Fighting
  5559 | D:6      | Reached skill level 6 in Stealth
  5680 | D:6      | Noticed Duvessa
  5682 | D:6      | Noticed Dowan
  5724 | D:6      | Killed Duvessa
  5734 | D:6      | Killed Dowan
  5965 | D:6      | Your ally Duvessa died
  5979 | D:6      | Your ally Dowan died
  6052 | D:6      | Reached XP level 8. HP: 64/75 MP: 18/18
  6226 | D:6      | Learned a level 3 spell: Portal Projectile
  6469 | D:6      | Got a jewelled leather armour
  6512 | D:6      | Identified the cursed -3 leather armour of Wasted Space {rPois Int+3} (You found it on level 6 of the Dungeon)
  6617 | D:6      | Reached skill level 1 in Translocations
  6888 | D:6      | Identified a scroll of acquirement
  6908 | D:6      | Gained mutation: You have a somewhat thin skeletal structure (Dex +2, Stealth). [potion of mutation]
  6908 | D:6      | Gained mutation: You are clumsy. (Dex -2) [potion of mutation]
  6908 | D:6      | Gained mutation: You can breathe flames. [potion of mutation]
  6919 | D:7      | Noticed Joseph
  7205 | D:7      | Killed Joseph
  7205 | D:7      | Reached skill level 7 in Stealth
  7362 | D:7      | Gained mutation: You are partially covered in molten scales (AC +1). [potion of mutation]
  7363 | D:7      | Gained mutation: You are frail (-10% HP). [potion of mutation]
  7363 | D:7      | Gained mutation: You heal slowly when monsters are visible. [potion of mutation]
  7363 | D:7      | Gained mutation: You have a fast metabolism. [potion of mutation]
  7394 | D:7      | Noticed Prince Ribbit
  7419 | D:7      | Your ally Joseph died
  7423 | D:7      | Killed Prince Ribbit
  7693 | D:7      | Your ally Prince Ribbit died
  7772 | D:7      | Reached XP level 9. HP: 42/76 MP: 20/20
  7784 | D:7      | Reached skill level 8 in Stealth
  8105 | D:7      | Reached skill level 5 in Spellcasting
  9167 | D:8      | Reached skill level 9 in Stealth
  9653 | D:8      | Gained mutation: Your spells are a little harder to cast, but a little more powerful. [mutagenic meat]
  9654 | D:8      | Gained mutation: You are resistant to hostile enchantments. [mutagenic meat]
  9719 | D:8      | Reached skill level 1 in Evocations
  9772 | D:8      | Noticed a hill giant
  9777 | D:8      | Killed a hill giant
  9777 | D:8      | Reached XP level 10. HP: 85/88 MP: 23/23
  9820 | D:8      | Noticed Psyche
  9826 | D:8      | Killed Psyche
  9826 | D:8      | Reached skill level 1 in Polearms
  9826 | D:8      | Reached skill level 1 in Armour
 10268 | D:8      | Acquired Cheibriados' first power
 10464 | D:9      | Reached skill level 10 in Stealth
 10486 | D:9      | Got an encrusted war axe
 10499 | D:9      | Identified the cursed +1,+0 war axe of the Orcish Mines {flame, Str+1 SInv} (You found it on level 9 of the Dungeon)
 11128 | D:9      | Found a shattered altar of Ashenzari.
 11439 | D:9      | Learned a level 2 spell: Blink
 11445 | D:10     | Entered Level 10 of the Dungeon
 11674 | D:10     | Acquired Cheibriados' second power
 11695 | D:10     | Noticed an unseen horror
 11699 | D:10     | Killed an unseen horror
 11708 | D:10     | Noticed a hill giant
 11721 | D:10     | Killed a hill giant
 11721 | D:10     | Reached XP level 11. HP: 54/95 MP: 6/25
 11786 | D:10     | Noticed a hill giant
 11793 | D:10     | Killed a hill giant
 11793 | D:10     | Reached skill level 11 in Stealth
 12647 | D:11     | Reached skill level 10 in Fighting
 12692 | D:11     | Gained mutation: You are very frail (-20% HP). [mutagenic meat]
 12693 | D:11     | Lost mutation: You have a fast metabolism. [mutagenic meat]
 12880 | D:11     | Noticed Harold
 12910 | D:11     | Killed Harold
 12973 | D:11     | Noticed an ice statue
 13138 | D:11     | Found a staircase to the Orcish Mines.
 13147 | D:11     | Acquired Cheibriados' third power
 13416 | D:11     | Got a steaming buckler
 13423 | D:11     | Identified the +2 buckler of Qaiwid {+Inv} (You found it on level 11 of the Dungeon)
 13749 | D:11     | Noticed a hill giant
 13980 | D:11     | Killed a hill giant
 14034 | D:11     | Noticed Urug
 14057 | D:11     | Killed Urug
 14309 | D:11     | Found a staircase to the Lair.
 14347 | D:11     | Noticed Sonja
 14362 | D:11     | Killed Sonja
 14501 | D:11     | Reached skill level 1 in Invocations
 14690 | D:11     | Noticed a three-headed hydra
 14706 | D:11     | Killed a three-headed hydra
 14890 | D:11     | Learned a level 2 spell: Shroud of Golubria
 14903 | D:12     | Noticed Nergalle
 14977 | D:11     | Your ally Urug died
 15368 | D:12     | Noticed a spectral orc warlord
 15423 | D:11     | Your ally Sonja died
 16318 | D:12     | Killed Nergalle
 16318 | D:12     | Reached XP level 12. HP: 92/94 MP: 27/27
 16360 | Lair:1   | Entered Level 1 of the Lair of Beasts
 17700 | Lair:2   | Reached skill level 5 in Dodging
 18216 | Lair:3   | Got an ancient golden amulet
 18222 | Lair:3   | Found a dark tunnel.
 18225 | Lair:3   | Identified the amulet of the Tempest {rCorr Dex+4 Int+4} (You found it on level 3 of the Lair of Beasts)
 18238 | Volcano  | Entered a volcano
 18586 | Lair:3   | Noticed Zooty's ghost (powerful TrFi)
 18616 | Lair:3   | Killed Zooty's ghost
 19002 | Lair:3   | Found a staircase to the Shoals.
 19027 | Lair:3   | Reached skill level 5 in Armour
 19238 | Lair:4   | Reached skill level 12 in Fighting
 19501 | Lair:4   | Noticed a seven-headed hydra
 19510 | Lair:3   | Killed a seven-headed hydra
 19637 | Lair:4   | Reached XP level 13. HP: 82/103 MP: 20/29
 19680 | Lair:4   | Learned a level 4 spell: Summon Ice Beast
 19691 | Lair:4   | Noticed a five-headed hydra
 19697 | Lair:4   | Killed a five-headed hydra
 20194 | Lair:4   | Reached skill level 5 in Invocations
 20562 | Lair:4   | Noticed Daniel's ghost (powerful HEHu)
 20570 | Lair:4   | Killed Daniel's ghost
 20820 | Lair:5   | Learned a level 2 spell: Repel Missiles
 20825 | Lair:5   | Learned a level 4 spell: Summon Guardian Golem
 21043 | Lair:5   | Reached skill level 1 in Bows
 21440 | Lair:5   | Found a hole to the Spider Nest.
 22140 | Orc:1    | Entered Level 1 of the Orcish Mines
 22327 | Orc:1    | Noticed Snorg
 22398 | Orc:1    | Killed Snorg
 22464 | Orc:1    | Found a frozen archway.
 22477 | IceCv    | Entered an ice cave
 23582 | Orc:1    | Found a burning altar of Makhleb.
 23794 | Orc:2    | Found a flagged portal.
 23816 | Bailey   | Entered a bailey
 24897 | Orc:2    | Upgraded the game from 0.15-a0-1363-g87d8b17 to 0.15-a0-1485-g692b94f
 25182 | Orc:3    | Found a roughly hewn altar of Beogh.
 25542 | Orc:4    | Entered Level 4 of the Orcish Mines
 25544 | Orc:4    | Found a staircase to the Elven Halls.
 25579 | Orc:4    | Found a bloodstained altar of Trog.
 25584 | Orc:4    | Reached skill level 5 in Bows
 25646 | Orc:3    | Found Xiotau's Book Shoppe.
 25703 | Orc:3    | Bought a book of Unlife for 1040 gold pieces
 25709 | Orc:3    | Learned a level 4 spell: Animate Dead
 26017 | Orc:4    | HP: 4/104 [ogre mage/spear (7)]
 26026 | Orc:4    | Noticed Donald
 26029 | Orc:4    | HP: 5/104 [Donald/glowing long sword (13)]
 26030 | Orc:4    | Slain by a two-headed ogre

Action                   |  1- 3 |  4- 6 |  7- 9 | 10-12 | 13-15 || total
-------------------------+-------+-------+-------+-------+-------++-------
Melee: Whip              |    33 |       |       |       |       ||    33
       Unarmed           |     2 |       |       |       |       ||     2
       Spear             |    17 |       |    59 |       |       ||    76
       Short sword       |       |    40 |   283 |   181 |    56 ||   560
 Fire: Shortbow          |       |       |     5 |   488 |   573 ||  1066
Throw: Javelin           |       |       |     4 |    45 |       ||    49
       Tomahawk          |       |       |       |       |     4 ||     4
 Cast: Summon Small Mamm |    27 |    18 |    26 |    24 |     6 ||   101
       Call Imp          |    22 |    69 |   147 |   183 |    16 ||   437
       Call Canine Famil |     3 |    22 |    86 |   106 |    32 ||   249
       Animate Skeleton  |       |       |    35 |   103 |   153 ||   291
       Portal Projectile |       |       |     4 |   102 |    69 ||   175
       Blink             |       |       |       |    10 |     5 ||    15
       Shroud of Golubri |       |       |       |    14 |    10 ||    24
       Summon Ice Beast  |       |       |       |       |    68 ||    68
       Animate Dead      |       |       |       |       |     2 ||     2
       Repel Missiles    |       |       |       |       |     1 ||     1
       Summon Guardian G |       |       |       |       |     1 ||     1
Invok: Bend Time         |       |       |       |     1 |       ||     1
       Step From Time    |       |       |       |       |     1 ||     1
       Temporal Distorti |       |       |       |       |     1 ||     1
 Abil: Evoke Invisibilit |       |       |       |     1 |       ||     1
Evoke: Wand              |       |       |       |     4 |    10 ||    14
       Fan of gales      |       |       |       |     1 |     1 ||     2
  Use: Scroll            |       |     8 |    23 |    15 |    11 ||    57
       Potion            |       |     2 |    18 |    18 |     5 ||    43
 Stab: Sleeping          |     1 |       |     3 |     8 |       ||    12
       Distracted        |       |       |       |     2 |     2 ||     4
